 Dungeon Crawl Stone Soup version 0.16.2-2-g470672f (webtiles) character file.

87098 hannobal the Eclecticist (level 15, -1/92 HPs)
             Began as a Tengu Air Elementalist on Aug 12, 2015.
             Was the Champion of Vehumet.
             Hit by a large rock thrown by a cyclops (21 damage)
             ... on level 14 of the Dungeon on Aug 16, 2015.
             The game lasted 04:21:48 (46547 turns).

hannobal the Eclecticist (Tengu Air Elementalist)  Turns: 46547, Time: 04:21:48

Health: -1/92      AC:  9    Str: 10    XL:     15   Next: 89%
Magic:  4/46       EV: 24    Int: 21    God:    Vehumet [******]
Gold:   2050       SH:  6    Dex: 20    Spells: 9 memorised, 4 levels left

rFire  . . .     SeeInvis +     e - +5 eveningstar
rCold  . . .     Clarity  +     p - +2 troll leather armour
rNeg   + . .     SustAb   .     s - +0 buckler
rPois  .         Gourm    .     (helmet restricted)
rElec  +         Spirit   .     g - +0 cloak {MR+}
rCorr  .         Warding  .     n - +0 pair of gloves
rMut   .         Stasis   .     (boots unavailable)
MR     ++...                    o - amulet "Wyxeub" {Clar Dex+6}
Stlth  ++........               q - ring of Beogh's Benevolence {Wiz rN+ SInv}
                                J - ring of magical power

@: flying quickly and evasively, very slightly contaminated, repel missiles,
quick, very resistant to hostile enchantments, unstealthy
A: able to fly continuously, beak, talons 3, electricity resistance
a: Stop Flying, Renounce Religion


You were on level 14 of the Dungeon.
You worshipped Vehumet.
Vehumet was exalted by your worship.
You were not hungry.

You visited 4 branches of the dungeon, and saw 27 of its levels.
You also visited: Ossuary and Ice Cave.

You collected 3181 gold pieces.
You spent 1131 gold pieces at shops.

Inventory:

Hand weapons
 b - a +2 flail of protection
 e - a +5 eveningstar (weapon)
 u - a +1 trident of venom
 v - a +1 scimitar of flaming
Missiles
 d - 4 poisoned javelins (quivered)
 k - 6 tomahawks
 B - 13 poisoned needles
 W - 17 javelins
Armour
 g - a +0 cloak of magic resistance (worn)
 n - a +0 pair of gloves (worn)
 p - a +2 troll leather armour (worn)
 s - a +0 buckler (worn)
 G - a +0 fire dragon armour
Magical staves
 a - an uncursed staff of conjuration
 w - an uncursed staff of wizardry
 y - an uncursed staff of poison
Jewellery
 h - the ring of Lilacs {+Fly rElec}
   (You took it off an orc on level 12 of the Dungeon)

   [ring of flight]

   It insulates you from electricity.
   It lets you fly.
 l - an uncursed ring of sustain abilities
 o - the amulet "Wyxeub" (around neck) {Clar Dex+6}
   (You found it on level 8 of the Lair of Beasts)

   [amulet of clarity]

   It provides mental clarity.
   It affects your dexterity (+6).
 q - the ring of Beogh's Benevolence (right hand) {Wiz rN+ SInv}
   (You bought it in a shop on level 8 of the Dungeon)

   [ring of wizardry]

   It improves your spell success rate.
   It protects you from negative energy.
   It enhances your eyesight.
 J - a ring of magical power (left hand)
 K - an uncursed amulet of resist corrosion
 N - an uncursed ring of ice
 U - an uncursed ring of positive energy
Magical devices
 E - a wand of paralysis (12)
 T - a wand of disintegration (14)
Scrolls
 f - a scroll of recharging
 i - 6 scrolls of identify
 r - a scroll of remove curse
 t - 4 scrolls of teleportation
 x - 2 scrolls of blinking
 z - a scroll of fear
 H - 4 scrolls of magic mapping
 P - 2 scrolls of amnesia
 Y - 4 scrolls of fog
Potions
 j - a potion of resistance
 m - 3 potions of agility
 A - a potion of haste
 C - 5 potions of brilliance
 D - 3 potions of might
 I - 5 potions of heal wounds
 L - 13 potions of curing
Miscellaneous
 O - a legendary deck of wonders {Dowsing}
Comestibles
 c - 11 bread rations {@e1}
 F - 13 meat rations {@e2}
 M - 5 chunks of flesh {@w0}


   Skills:
 + Level 9.9 Fighting
 - Level 10.1 Maces & Flails
   Level 0.4 Bows
 - Level 1.5 Throwing
 - Level 4.1 Armour
 - Level 10.1 Dodging
 - Level 2.0 Stealth
 - Level 5.1 Shields
 - Level 15.0 Spellcasting
 - Level 13.0 Conjurations
 - Level 1.7 Charms
 - Level 1.4 Summonings
 - Level 4.0 Fire Magic
 - Level 10.1 Air Magic
 - Level 1.0 Earth Magic
 - Level 4.2 Poison Magic
 - Level 2.2 Evocations


You had 4 spell levels left.
You knew the following spells:

 Your Spells              Type           Power        Failure   Level  Hunger
a - Spellforged Servitor  Conj/Summ      #####.....   43%         7    ######.
b - Iron Shot             Conj/Erth      #####.....   7%          6    #####..
c - Conjure Flame         Conj/Fire      ######..     1%          3    None
f - Fireball              Conj/Fire      ######....   1%          5    ###....
l - Lightning Bolt        Conj/Air       ######....   1%          5    ###....
m - Repel Missiles        Chrm/Air       #####.       1%          2    None
p - Poison Arrow          Conj/Pois      ######....   3%          6    #####..
s - Swiftness             Chrm/Air       #####...     1%          2    None
z - Airstrike             Air            ######....   1%          4    None


Dungeon Overview and Level Annotations

Branches:
Dungeon (14/15)            Temple (1/1) D:4            Lair (8/8) D:10
  Swamp (0/5) Lair:4       Spider (0/5) Lair:5        Slime (0/6) Lair:7
    Orc (4/4) D:11            Elf (0/3) Orc:4        Vaults (0/5) D:14

Altars:
Ashenzari
Cheibriados
Dithmenos
Elyvilon
Fedhas
Gozag
Kikubaaqudgha
Makhleb
Nemelex Xobeh
Okawaru
Qazlal
Ru
Sif Muna
Trog
Vehumet
Xom
Yredelemnul
Zin
The Shining One
Beogh
Jiyva

Shops:
D:6 !   D:8 =   D:9 *   D:10 ?(*[}   D:11 :   D:13 =   Orc:1 }   Orc:4 *:?=(

Annotations:
D:13 exclusion: 2 downstairs
D:14 !, Donald, Norris
Orc:2 exclusion: 2 upstairs
Orc:4 exclusion: upstairs


Innate Abilities, Weirdness & Mutations

You can fly continuously.
You have a beak for a mouth.
You have claws for feet.
You are resistant to electric shocks.


Message History

Aiming: Poison Arrow
Press: ? - help, Shift-Dir - straight line, f/p - wizard
Aim: a wizard, wielding a war axe and wearing a robe You feel a surge of power!
The poison arrow misses the wizard.
You block the centaur's attack.
Wield which item (- for none, * to show all)? (? for menu, Esc to quit)
e - a +5 eveningstar (weapon)
The centaur hits you. The wizard casts a spell at you.
The bolt of cold hits you!
* * * LOW HITPOINT WARNING * * *
Read which item? (? for menu, Esc to quit)
Blink to where?
Press: ? - help, Dir - move target cursor, p - wizard You are very lightly contaminated with residual magic.
As you read the scroll of blinking, it crumbles to dust.
A hill giant and a cyclops come into view.
The cyclops shouts!
The cyclops throws a large rock.
The large rock hits you!!
You die...

#...# #.# # #.#.# #.#
#.##.#.# ##C## #......#
##...## ####.### ##.....##
##.## ##.......##
###...####.........####...
[....(...C.......(.)...P...
###...####......@..## p)
##.## ##......(..#.## #.#
#.....(?.....# #.#
#..###.#(###.# #.# #..#
#.#p# # ###)# ##.# #.#c#
#...# #.. ..#.)(..# #.###
#######.# #.#


You could see a hill giant, a cyclops, a wizard, an active ballistomycete and a
centaur.

Vanquished Creatures
  Frances (D:14)
  Maud (Lair:4)
  Snorg (Orc:1)
  A fire dragon (Lair:8)
  Fannar (Orc:4)
  Harold (D:10)
  4 hydras
  Nessos (Orc:4)
  A centaur warrior (D:14)
  Nergalle (D:11)
  A fire crab (Lair:8)
  Erolcha (Orc:1)
  A deep elf summoner (D:13)
  3 unseen horrors (D:12)
  An ice statue (IceCv)
  Pikel (D:6)
  4 hill giants
  8 orc knights (Orc:4)
  6 oklob plants
  2 kobold demonologists
  11 ugly things
  A deep elf conjurer (D:13)
  A necromancer (IceCv)
  4 cyclopes
  A manticore (D:13)
  A faun (Lair:2)
  12 elephants
  Maurice (Orc:1)
  8 black mambas
  12 spiny frogs
  7 komodo dragons
  An efreet (D:14)
  A yaktaur (D:14)
  A jumping spider (D:13)
  A blue devil (D:14)
  4 trolls
  4 fire drakes
  11 freezing wraiths
  10 slime creatures
  3 two-headed ogres
  A boulder beetle (Lair:6)
  13 blink frogs
  9 basilisks
  A vampire (D:14)
  A trapdoor spider (D:13)
  2 shadows (D:13)
  5 humans (D:14)
  A deep elf mage (D:9)
  Eustachio (D:6)
  2 death yak simulacra (IceCv)
  10 deep elf fighters (D:13)
  4 steam dragons
  14 hippogriffs
  A hungry ghost (D:12)
  49 yaks
  11 wargs
  11 wolves
  7 porcupines
  A dwarf (shapeshifter) (D:14)
  4 sky beasts
  11 water moccasins
  34 orc warriors
  A slave (D:6)
  11 ogres
  9 ice beasts
  2 black bears
  A wasp (Lair:5)
  A necrophage (D:11)
  3 phantoms
  16 centaurs
  3 big kobolds
  23 crocodiles
  14 giant frogs
  5 scorpions
  A wyvern skeleton (D:13)
  4 killer bees (D:11)
  4 wights (D:11)
  9 crimson imps
  4 goliath beetles
  4 centaur zombies
  20 orc priests
  4 draconian simulacra (IceCv)
  35 orc wizards
  Crazy Yiuf (D:6)
  2 centaur skeletons
  2 giant frog skeletons
  A gnoll shaman (D:9)
  10 hounds
  2 jellies
  A hell rat (D:13)
  5 troll simulacra (IceCv)
  12 worker ants
  2 polar bear simulacra (IceCv)
  15 iguanas
  2 spriggan simulacra (IceCv)
  4 centaur simulacra (IceCv)
  A big kobold zombie (Ossuary)
  17 sheep
  2 hound skeletons
  4 mummies (Ossuary)
  25 adders
  6 gnolls
  2 naga simulacra (IceCv)
  2 worker ant zombies
  67 river rats
  3 shadow imps
  3 ogre simulacra (IceCv)
  24 white imps
  2 giant mites (Lair:5)
  4 worms
  An adder skeleton (D:5)
  An adder zombie (D:5)
  9 giant geckos
  4 oozes
  207 orcs
  A bat skeleton (D:5)
  A bat zombie (D:7)
  8 giant cockroaches
  29 goblins
  17 hobgoblins
  2 jackals (D:9)
  22 kobolds
  10 quokkas
  15 bats
  9 giant newts
  2 giant spores
  2 hobgoblin zombies (Ossuary)
  An orc skeleton (D:3)
  A quokka skeleton (D:4)
  21 rats
  8 ballistomycetes
  2 bushes
  3 plants
1100 creatures vanquished.

Vanquished Creatures (others)
  60 ball lightnings
  A centaur (D:6)
  An iguana (D:6)
  An orc wizard (D:11)
  2 adders
  2 giant spores (D:9)
  A goblin (Orc:4)
  A ballistomycete (D:9)
  17 fungi
  12 plants
98 creatures vanquished.

Grand Total: 1198 creatures vanquished

Notes
Turn   | Place    | Note
--------------------------------------------------------------
     0 | D:1      | hannobal, the Tengu Air Elementalist, began the quest for the Orb.
     0 | D:1      | Reached XP level 1. HP: 10/10 MP: 3/3
   563 | D:1      | Reached XP level 2. HP: 15/15 MP: 0/5
  1459 | D:2      | Reached XP level 3. HP: 19/19 MP: 4/7
  1605 | D:2      | Learned a level 2 spell: Repel Missiles
  1608 | D:2      | Learned a level 2 spell: Swiftness
  3333 | D:3      | Reached XP level 4. HP: 24/24 MP: 1/9
  3838 | D:3      | Reached skill level 5 in Conjurations
  3838 | D:3      | Reached XP level 5. HP: 28/28 MP: 2/13
  4387 | D:4      | Reached skill level 5 in Air Magic
  4396 | D:4      | Found a staircase to the Ecumenical Temple.
  4402 | Temple   | Entered the Ecumenical Temple
  4546 | D:4      | Found a sand-covered staircase.
  4554 | Ossuary  | Entered an ossuary
  4565 | Ossuary  | Reached XP level 6. HP: 32/32 MP: 5/15
  4766 | Ossuary  | Reached skill level 6 in Air Magic
  5157 | D:4      | Learned a level 5 spell: Lightning Bolt
  5331 | D:4      | Reached skill level 1 in Fighting
  5448 | D:4      | Noticed a phantom
  5461 | D:4      | Killed a phantom
  5461 | D:4      | Reached skill level 1 in Charms
  5461 | D:4      | Reached XP level 7. HP: 33/38 MP: 5/16
  5801 | D:4      | Reached skill level 7 in Conjurations
  5949 | D:5      | Entered Level 5 of the Dungeon
  6688 | D:5      | Reached skill level 8 in Air Magic
  6688 | D:5      | Reached XP level 8. HP: 3/43 MP: 10/18
  7134 | D:5      | Reached skill level 9 in Air Magic
  7949 | D:5      | Found a sacrificial altar of Ru.
  8518 | D:6      | Noticed Eustachio
  8784 | D:6      | Killed Eustachio
  8902 | D:6      | Found Kujaaky's Distillery.
  8910 | D:6      | Bought a potion of brilliance for 56 gold pieces
  8910 | D:6      | Bought a potion of curing for 42 gold pieces
  8910 | D:6      | Bought a potion of heal wounds for 70 gold pieces
  9072 | D:6      | Reached XP level 9. HP: 44/47 MP: 21/21
  9157 | D:6      | Noticed Pikel
  9164 | D:6      | Killed Pikel
  9676 | D:6      | Noticed Crazy Yiuf
  9681 | D:6      | Killed Crazy Yiuf
 10965 | D:7      | Found an opulent altar of Gozag.
 11186 | D:7      | Reached skill level 10 in Conjurations
 12082 | D:7      | Reached skill level 10 in Air Magic
 12213 | D:8      | Found Rykul's Jewellery Boutique.
 12541 | D:8      | Reached XP level 10. HP: 48/52 MP: 26/26
 12793 | D:8      | Reached skill level 5 in Dodging
 12865 | D:8      | Gained mutation: You are resistant to electric shocks. [potion of beneficial mutation]
 12875 | D:8      | Learned a level 3 spell: Static Discharge
 12926 | D:8      | Found a white marble altar of Elyvilon.
 12946 | D:8      | Found a radiant altar of Vehumet.
 12948 | D:8      | Found a shadowy altar of Dithmenos.
 12951 | D:8      | Became a worshipper of Vehumet
 13857 | D:9      | Noticed a hill giant
 13860 | D:9      | Killed a hill giant
 13884 | D:9      | Acquired Vehumet's first power
 13884 | D:9      | Offered knowledge of Flame Tongue by Vehumet.
 13896 | D:9      | Found a radiant altar of Vehumet.
 14617 | D:9      | Found a stormy altar of Qazlal.
 14620 | D:9      | Found a blossoming altar of Fedhas.
 14662 | D:9      | Found Isyvoury's General Store.
 14670 | D:9      | Bought a scroll of identify for 24 gold pieces
 14873 | D:10     | Entered Level 10 of the Dungeon
 14980 | D:10     | Found a staircase to the Lair.
 14982 | D:10     | Noticed Harold
 15070 | D:10     | Found Ririgogab's Gadget Emporium.
 15328 | D:10     | Killed Harold
 15351 | D:10     | Found Thaid's Armour Boutique.
 15537 | D:10     | Found Pedwok's Weapon Shoppe.
 15618 | D:10     | Found Pniliaf's Magic Scroll Shop.
 15622 | D:10     | Noticed a seven-headed hydra
 15626 | D:10     | Killed a seven-headed hydra
 15626 | D:10     | Reached XP level 11. HP: 56/56 MP: 14/29
 15854 | D:10     | Found Naygh's General Store.
 15882 | Lair:1   | Entered Level 1 of the Lair of Beasts
 15952 | Lair:1   | Offered knowledge of Sandblast by Vehumet.
 16703 | Lair:1   | Reached skill level 10 in Spellcasting
 17364 | D:10     | Offered knowledge of Conjure Flame by Vehumet.
 17372 | D:10     | Learned a level 3 spell: Conjure Flame
 17532 | Lair:2   | Reached skill level 1 in Fire Magic
 17597 | Lair:2   | Acquired Vehumet's second power
 17902 | Lair:2   | Learned a level 5 spell: Fireball
 18273 | Lair:2   | Offered knowledge of Airstrike by Vehumet.
 18273 | Lair:2   | Reached skill level 11 in Spellcasting
 18279 | Lair:2   | Learned a level 4 spell: Airstrike
 19225 | Lair:3   | Noticed a five-headed hydra
 19230 | Lair:3   | Killed a five-headed hydra
 19613 | Lair:3   | Reached XP level 12. HP: 64/64 MP: 32/32
 19913 | Lair:3   | Acquired Vehumet's third power
 20245 | Lair:3   | Reached skill level 12 in Spellcasting
 20496 | Lair:4   | Offered knowledge of Force Lance by Vehumet.
 20753 | Lair:4   | Found an ancient bone altar of Kikubaaqudgha.
 21390 | Lair:4   | Found a staircase to the Swamp.
 21696 | Lair:4   | Noticed Maud
 21812 | Lair:4   | Killed Maud
 21812 | Lair:4   | Reached skill level 13 in Spellcasting
 22811 | Lair:4   | Reached skill level 14 in Spellcasting
 23870 | Lair:5   | Offered knowledge of Poison Arrow by Vehumet.
 23878 | Lair:5   | Learned a level 6 spell: Poison Arrow
 23895 | Lair:5   | Found a hole to the Spider Nest.
 24201 | Lair:5   | Reached skill level 5 in Fighting
 24201 | Lair:5   | Reached XP level 13. HP: 67/72 MP: 22/35
 24562 | Lair:6   | Reached skill level 1 in Poison Magic
 25726 | Lair:5   | Reached skill level 1 in Armour
 25984 | Lair:7   | Found a viscous altar of Jiyva.
 25985 | Lair:7   | Found a staircase to the Slime Pits.
 27400 | Lair:7   | Offered knowledge of Olgreb's Toxic Radiance by Vehumet.
 27847 | Lair:8   | Entered Level 8 of the Lair of Beasts
 28214 | Lair:8   | Reached skill level 10 in Dodging
 28396 | Lair:8   | Found a blossoming altar of Fedhas.
 29035 | Lair:8   | Got a faintly glowing pewter amulet
 29036 | Lair:8   | Identified the amulet "Wyxeub" {Clar Dex+6} (You found it on level 8 of the Lair of Beasts)
 29763 | Lair:8   | Reached XP level 14. HP: 82/82 MP: 33/36
 29948 | Lair:8   | Reached skill level 1 in Shields
 31620 | D:10     | Noticed a hill giant
 31623 | D:10     | Killed a hill giant
 31623 | D:10     | Reached skill level 5 in Shields
 31829 | D:11     | Noticed Nergalle
 31917 | D:11     | Reached skill level 1 in Maces & Flails
 32659 | D:11     | Found a staircase to the Orcish Mines.
 32869 | D:11     | Found Blutz's Book Emporium.
 33485 | Orc:1    | Entered Level 1 of the Orcish Mines
 33641 | Orc:1    | Noticed Maurice
 33644 | Orc:1    | Killed Maurice
 33767 | Orc:1    | Noticed Erolcha
 33845 | D:8      | Bought the ring of Beogh's Benevolence {Wiz rN+ SInv} for 635 gold pieces
 33969 | Orc:1    | Killed Erolcha
 34045 | Orc:1    | Offered knowledge of Ozocubu's Refrigeration by Vehumet.
 34160 | Orc:1    | Found Ghatrouh's Gadget Emporium.
 34424 | Orc:2    | Reached skill level 5 in Maces & Flails
 35293 | Orc:1    | Noticed Snorg
 35302 | Orc:1    | Killed Snorg
 36612 | Orc:4    | Entered Level 4 of the Orcish Mines
 36619 | Orc:4    | Noticed Fannar
 36622 | Orc:4    | Killed Fannar
 36658 | Orc:4    | Found Ibryina's Weapon Shop.
 36693 | Orc:4    | Upgraded the game from 0.16.2 to 0.16.2-2-g470672f
 36712 | Orc:4    | Offered knowledge of Spellforged Servitor by Vehumet.
 36721 | Orc:4    | Learned a level 7 spell: Spellforged Servitor
 36806 | Orc:4    | Noticed Nessos
 36949 | Orc:4    | Killed Nessos
 37368 | Orc:4    | Reached skill level 1 in Summonings
 37526 | Orc:4    | Found a staircase to the Elven Halls.
 38751 | Orc:4    | Reached skill level 1 in Throwing
 38919 | Orc:4    | Offered knowledge of Conjure Ball Lightning by Vehumet.
 38927 | Orc:4    | Learned a level 6 spell: Conjure Ball Lightning
 39344 | Orc:4    | Found Xetom's Book Shoppe.
 39344 | Orc:4    | Found Yrhezuigh's General Store.
 39376 | Orc:4    | Found a roughly hewn altar of Beogh.
 39441 | Orc:4    | Found Mugaec's Jewellery Shoppe.
 39441 | Orc:4    | Found Fehiet's Magic Scroll Shop.
 39455 | Orc:4    | Bought a scroll of remove curse for 39 gold pieces
 39455 | Orc:4    | Bought a scroll of identify for 26 gold pieces
 39642 | Orc:4    | Bought a scroll of teleportation for 39 gold pieces
 39673 | Orc:4    | Bought an uncursed amulet of resist corrosion for 200 gold pieces
 40096 | Lair:4   | Reached skill level 15 in Spellcasting
 40161 | Lair:4   | Reached XP level 15. HP: 86/86 MP: 31/37
 40402 | D:11     | Found a staircase to the Orcish Mines.
 40436 | D:11     | Found Blutz's Book Emporium.
 40471 | D:11     | Killed Nergalle
 40737 | D:12     | Found a frozen archway.
 40749 | IceCv    | Entered an ice cave
 41167 | IceCv    | Offered knowledge of Poisonous Cloud by Vehumet.
 41753 | IceCv    | Found an ancient bone altar of Kikubaaqudgha.
 42257 | D:12     | Identified the Grimoire of Earth
 42930 | D:12     | Got a steaming marble ring
 42932 | D:12     | Identified the ring of Lilacs {+Fly rElec} (You took it off an orc on level 12 of the Dungeon)
 44002 | D:13     | Reached skill level 10 in Maces & Flails
 44718 | D:13     | Offered knowledge of Iron Shot by Vehumet.
 44727 | D:13     | Learned a level 6 spell: Iron Shot
 44770 | D:13     | Reached skill level 1 in Earth Magic
 44912 | D:13     | Found Marche Blaucw's Jewellery Shop.
 45194 | D:14     | Found a gate to the Vaults.
 45194 | D:14     | Noticed Norris
 45194 | D:14     | Noticed Donald
 46113 | D:14     | Noticed Frances
 46120 | D:14     | Killed Frances
 46481 | D:14     | Got a bloodstained great sword
 46487 | D:14     | Identified the cursed -1 great sword "Mukuc" {freeze, rC- Str+6 Dex+4} (You found it on level 14 of the Dungeon)
 46547 | D:14     | Hit by a large rock thrown by a cyclops

Action                   |  1- 3 |  4- 6 |  7- 9 | 10-12 | 13-15 || total
-------------------------+-------+-------+-------+-------+-------++-------
Melee: Unarmed           |     1 |       |       |       |       ||     1
       Whip              |     1 |       |       |    17 |     2 ||    20
       Short sword       |     2 |       |       |       |       ||     2
       Halberd           |       |     9 |       |       |       ||     9
       Staff             |       |       |     4 |     4 |    33 ||    41
       Eveningstar       |       |       |       |     7 |    26 ||    33
       Battleaxe         |       |       |       |       |     4 ||     4
       Flail             |       |       |       |       |   150 ||   150
       Hand axe          |       |       |       |       |    47 ||    47
       Trident           |       |       |       |       |     7 ||     7
Throw: Javelin           |       |       |     1 |       |    18 ||    19
 Cast: Shock             |   110 |   126 |   343 |   424 |       ||  1003
       Repel Missiles    |       |     1 |       |     1 |     3 ||     5
       Lightning Bolt    |       |       |    15 |   130 |   238 ||   383
       Static Discharge  |       |       |       |     6 |     1 ||     7
       Airstrike         |       |       |       |   155 |   454 ||   609
       Fireball          |       |       |       |    13 |   150 ||   163
       Conjure Flame     |       |       |       |     1 |    69 ||    70
       Poison Arrow      |       |       |       |       |    73 ||    73
       Conjure Ball Ligh |       |       |       |       |    30 ||    30
 Abil: Fly               |       |     1 |    14 |    21 |    13 ||    49
Evoke: Wand              |       |       |     5 |    28 |     1 ||    34
  Use: Potion            |     3 |     1 |     1 |     4 |     6 ||    15
       Scroll            |     5 |     8 |     6 |    13 |    25 ||    57
 Stab: Sleeping          |     1 |       |     1 |       |     1 ||     3
       Paralysed         |       |       |       |     4 |       ||     4
       Distracted        |       |       |       |       |     1 ||     1
  Eat: Chunk             |     9 |     6 |    25 |    45 |    93 ||   178
       Pizza             |       |       |     2 |     1 |     1 ||     4
       Beef jerky        |       |       |     1 |     5 |    10 ||    16
       Fruit             |       |       |       |    22 |     5 ||    27
       Bread ration      |       |       |       |       |     5 ||     5
